 Dungeon Crawl Stone Soup version 0.22-a0-402-ga933591 (webtiles) character file.

281506 Serpenta the Shatterer (level 20, -1/218 HPs)
             Began as an Ogre Chaos Knight on May 6, 2018.
             Slain by an ettin
             ... wielding a cursed -1 dire flail
              (28 damage)
             ... on level 3 of the Vaults.
             The game lasted 02:02:45 (47678 turns).

Serpenta the Shatterer (Ogre Chaos Knight)         Turns: 47678, Time: 02:02:45

Health: -1/218     AC: 23    Str: 21    XL:     20   Next: 91%
Magic:  22/22      EV: 15    Int: 13    God:    Xom [...*..]
Gold:   2545       SH:  7    Dex: 12    Spells: 17/19 levels left

rFire    + + +     SeeInvis .   a - +7 giant spiked club (freeze)
rCold    + + .     Gourm    .   (shield currently unavailable)
rNeg     . . .     Faith    .   s - +6 acid dragon scales
rPois    +         Spirit   .   F - +2 hat
rElec    .         Reflect  +   w - scarf {rC+ rF+}
rCorr    +         Harm     .   (gloves unavailable)
MR       +++..                  (boots unavailable)
Stlth    +.........             Q - +3 amulet of reflection
HPRegen  0.46/turn              A - ring of Icvykk {god gift, rF+ MR+ Slay+5}
MPRegen  0.18/turn              R - +3 ring of protection

@: no status effects
A: large, unfitting armour, large bone plates 1, yellow scales 1, blink, clumsy
1, cold resistance 1, fire resistance 1, low mp 1, poison resistance, tough skin
1
}: 1/15 runes: decaying
a: Blink, Renounce Religion


You were on level 3 of the Vaults.
You worshipped Xom.
You were a favourite toy of Xom.
You were not hungry.

You visited 5 branches of the dungeon, and saw 31 of its levels.
You also visited: Volcano.

You collected 5679 gold pieces.
You spent 3134 gold pieces at shops.


Innate Abilities, Weirdness & Mutations

You are too large for most types of armour.
You have tough skin. (AC +1)
You are partially covered in large bone plates. (SH +4)
You are partially covered in yellow scales. (AC +2)
You can translocate small distances at will.
You are clumsy. (Dex -2)
Your flesh is cold resistant. (rC+)
Your flesh is heat resistant. (rF+)
Your magical capacity is low. (-10% MP)
Your system is resistant to poisons. (rPois)


   Skills:
 + Level 17.2 Fighting
 - Level 22.1 Maces & Flails
 - Level 6.0 Throwing
 - Level 11.2 Armour
 + Level 12.2 Dodging
 - Level 7.3 Evocations


You had 17 spell levels left.
You knew the following spells:

 Your Spells              Type           Power        Failure   Level  Hunger
b - Blink                 Tloc           N/A          50%         2    ###....

Action                   |  1- 3 |  4- 6 |  7- 9 | 10-12 | 13-15 | 16-18 | 19-21 || total
-------------------------+-------+-------+-------+-------+-------+-------+-------++-------
Melee: Mace              |    81 |   140 |       |       |       |       |       ||   221
       Flail             |       |   156 |   169 |       |       |       |       ||   325
       Giant spiked club |       |       |    84 |   388 |   745 |   863 |   745 ||  2825
       Giant club        |       |       |    35 |       |       |       |       ||    35
       Whip              |       |       |    22 |       |       |       |       ||    22
       Headbutt          |       |       |     3 |     5 |       |       |       ||     8
Throw: Javelin           |       |     2 |    12 |    29 |    14 |       |       ||    57
       Tomahawk          |       |       |    11 |     3 |       |       |       ||    14
       Large rock        |       |       |       |       |       |    21 |    26 ||    47
       Throwing net      |       |       |       |       |       |     1 |       ||     1
 Cast: Blink             |       |       |       |       |       |       |     1 ||     1
Evoke: Wand              |       |       |     5 |    25 |    22 |    14 |     8 ||    74
       Lamp of fire      |       |       |       |     1 |     1 |     1 |     3 ||     6
       Sack of spiders   |       |       |       |       |     2 |       |       ||     2
       Phial of floods   |       |       |       |       |     1 |       |     1 ||     2
       Lightning rod     |       |       |       |       |       |     2 |     8 ||    10
  Use: Scroll            |       |     3 |     8 |    18 |    14 |    15 |     5 ||    63
       Potion            |       |       |       |     4 |     6 |     4 |     3 ||    17
 Stab: Paralysed         |     1 |       |     4 |    13 |     4 |     2 |       ||    24
       Confused          |     1 |       |       |       |     2 |     1 |     1 ||     5
       Sleeping          |       |     2 |       |     2 |     1 |       |       ||     5
       Invisible         |       |       |       |     5 |     2 |     4 |     7 ||    18
       Distracted        |       |       |       |       |       |       |     1 ||     1
  Eat: Chunk             |       |     9 |    12 |     9 |    13 |    14 |    21 ||    78
       Ration            |       |     1 |     1 |     6 |     7 |     6 |     2 ||    23
Armor: Robe              |    34 |   109 |   107 |    99 |   119 |       |       ||   468
       Skin              |       |       |       |     1 |       |       |       ||     1
       Swamp dragon scal |       |       |       |       |    35 |       |       ||    35
       Acid dragon scale |       |       |       |       |    10 |   270 |   227 ||   507
Dodge: Dodged            |    42 |   192 |   166 |   272 |   450 |   411 |   324 ||  1857
Block: Other             |       |    13 |    42 |    98 |   202 |   216 |   180 ||   751
       Reflection        |       |       |       |       |     7 |    14 |    22 ||    43

Inventory:

Hand Weapons
 a - a +7 giant spiked club of freezing (weapon)
Missiles
 g - 2 throwing nets
 v - 36 large rocks (quivered)
Armour
 s - +6 acid dragon scales (worn)
 w - a scarf of resistance (worn)
 F - a +2 hat (worn)
Jewellery
 p - an uncursed ring of flight
 u - an uncursed ring of resist corrosion
 A - the ring of Icvykk (left hand) {god gift, rF+ MR+ Slay+5}
   (Xom gifted it to you on level 5 of the Dungeon)

   [ring of protection from magic]

   It affects your accuracy and damage with ranged weapons and melee attacks
   (+5).
   It protects you from fire.
   It affects your resistance to hostile enchantments.
 D - an uncursed ring of positive energy
 E - an uncursed ring of protection from cold
 J - the ring of Tewkuxt {+Inv rElec rF- rN+ Str+4}
   (You found it on level 3 of the Lair of Beasts)

   [ring of positive energy]

   It affects your strength (+4).
   It makes you vulnerable to fire.
   It insulates you from electricity.
   It protects you from negative energy.
   It lets you turn invisible.
 L - an uncursed amulet of regeneration
 Q - a +3 amulet of reflection (around neck)
 R - a +3 ring of protection (right hand)
Wands
 b - a wand of enslavement (7)
 r - a wand of scattershot (2)
 y - a wand of paralysis (18)
 B - a wand of acid (25)
 G - a wand of digging (49)
 S - a wand of iceblast (1)
Scrolls
 e - 3 scrolls of enchant armour
 f - 18 scrolls of remove curse
 j - 10 scrolls of teleportation
 k - a scroll of silence
 n - a scroll of holy word
 o - a scroll of summoning
 C - 6 scrolls of immolation
 K - 4 scrolls of fog
 N - 2 scrolls of magic mapping
 P - 9 scrolls of identify
 W - 4 scrolls of fear
 X - 7 scrolls of blinking
Potions
 d - 8 potions of heal wounds
 h - 7 potions of might
 i - 4 potions of agility
 m - 5 potions of resistance
 t - 6 potions of haste
 x - 4 potions of flight
 z - a potion of mutation
 H - 2 potions of brilliance
 M - a potion of berserk rage
 O - 3 potions of lignification
 T - 13 potions of curing
 V - a potion of cancellation
 Y - 6 potions of ambrosia
Miscellaneous
 l - a lamp of fire {god gift}
 q - a phial of floods
 Z - a lightning rod (4/4)
Comestibles
 c - 34 rations
 I - 12 chunks of flesh {@w1}

.........# #...........#
.........# #.#.#.#.#.#.#
..}......# #...........#
..)......# #.#.#.#.#.#.#
..)......# #...........#
....)....# #.#.#.#.#.#.#
.........# #...........#
.....)...# #.#.#.#.#.#.#
....)....# #..C@..[[...#
.........###########.####
....[..[.#.>.##.##...#
.........#.)[##.##...#
.......()(().........#
........[###)......###
......(.[###(......###
(.....)(.#.[.......[.#
.......[.###.[.)...###


You could see an ettin.

Vanquished Creatures
  Mara (Swamp:3)
  Bai Suzhen (Swamp:4)
  Saint Roka (Vaults:3)
  Xtahua (Vaults:3)
  Jorgrun (Swamp:2)
  Rupert (D:13)
  4 thorn hunters
  A storm dragon (D:13)
  Gastronok (D:11)
  2 vault wardens (Vaults:3)
  11 ironheart preservers
  4 very ugly things (Vaults:3)
  A war gargoyle (Vaults:1)
  2 entropy weavers
  2 stone giants
  The ghost of tmwh the Spry, a journeyman MiMo of Trog (Orc:1)
  3 deep elf annihilators
  A dire elephant (Lair:6)
  A deep elf demonologist (Vaults:2)
  Azrael (D:12)
  2 deep elf death magi
  An ettin (Vaults:1)
  Snorg (D:12)
  A fire dragon (Vaults:2)
  2 yaktaur captains
  23 hydras
  6 vault guards
  2 great orbs of eyes
  2 rakshasas
  A catoblepas (Lair:4)
  An anaconda (Lair:6)
  A spark wasp (D:15)
  7 death knights
  28 two-headed ogres
  A queen ant (Vaults:2)
  10 centaur warriors
  2 dancing weapons (D:13)
  A ghost crab (Swamp:4)
  14 alligators
  Erica (D:9)
  A deep troll shaman (Vaults:1)
  4 death yaks
  9 ogre magi
  3 orc high priests (Orc:2)
  Urug (D:12)
  A hell knight (Volcano)
  6 deep elf knights
  2 shadow wraiths
  The ghost of mhoghedin the Fighter, a novice FoAK of Lugonu (D:7)
  5 skeletal warriors (Vaults:2)
  3 spriggan druids
  6 unseen horrors
  4 wizards
  3 deep elf archers
  10 deep trolls
  14 swamp dragons
  4 shambling mangroves
  4 lindwurms (D:11)
  A necromancer (Vaults:2)
  Pikel (D:6)
  6 ironbrand convokers
  5 orc sorcerers (Orc:2)
  6 deep elf magi
  15 orc knights
  24 ugly things
  A salamander (shapeshifter) (Vaults:2)
  2 wolf spiders
  5 cyclopes
  A manticore (D:14)
  10 elephants
  7 vault sentinels
  5 black mambas
  A water nymph (Swamp:2)
  A torpor snail (Swamp:4)
  16 yaktaurs
  3 efreet
  7 komodo dragons
  18 spiny frogs
  A yaktaur (shapeshifter) (D:14)
  8 freezing wraiths
  A tengu conjurer (D:15)
  15 tyrant leeches
  3 polar bears
  14 hornets
  A tengu simulacrum (Vaults:2)
  6 trolls
  A dream sheep (Lair:6)
  18 blink frogs
  11 hippogriffs
  A meliai zombie (D:13)
  22 slime creatures
  4 bog bodies
  2 human simulacra
  8 spriggans
  3 redbacks
  2 shadows
  A basilisk (shapeshifter) (Vaults:1)
  3 wyverns
  4 fire elementals (D:12)
  6 wraiths
  3 fire bats (Lair:4)
  26 yaks
  4 basilisks
  4 hungry ghosts
  34 vampire mosquitoes
  6 wargs
  16 swamp worms
  5 acid dragons
  10 insubstantial wisps
  A soldier ant (D:11)
  8 water moccasins
  3 hell hounds (D:12)
  7 porcupines
  12 swamp drakes
  2 black bears
  An ice beast (shapeshifter) (D:15)
  2 sky beasts
  26 orc warriors
  An eye of draining (D:15)
  2 ice beasts
  A slave (D:7)
  3 boggarts (Vaults:3)
  3 phantoms
  2 necrophages (D:10)
  26 ogres
  11 wolves
  A human skeleton (Vaults:2)
  A crocodile (shapeshifter) (Vaults:1)
  20 centaurs
  An elf skeleton (Vaults:2)
  6 big kobolds
  19 crocodiles
  Blork the orc (D:6)
  16 bullfrogs
  A water moccasin zombie (D:6)
  4 scorpions
  6 killer bees (D:11)
  3 wights (D:12)
  2 howler monkeys (D:10)
  A bullfrog zombie (D:10)
  4 centaur zombies
  8 crimson imps
  3 quasits
  16 orc priests
  17 orc wizards
  2 bullfrog skeletons
  7 centaur skeletons
  A hound (D:14)
  An iron imp (D:3)
  5 jellies
  2 iguanas (D:9)
  11 worker ants
  A hound skeleton (D:4)
  A hound zombie (D:11)
  A worker ant zombie (D:11)
  Robin (D:1)
  9 gnolls
  A howler monkey skeleton (D:4)
  13 adders
  4 shadow imps
  3 oozes
  An adder skeleton (D:9)
  5 worms
  2 dart slugs
  10 leopard geckos
  87 orcs
  3 giant cockroaches
  6 hobgoblins
  3 jackals (D:7)
  29 kobolds
  7 quokkas
  4 ball pythons
  9 bats
  6 frilled lizards
  16 goblins
  A jackal zombie (D:5)
  11 rats
  A briar patch (Swamp:4)
  6 plants
1118 creatures vanquished.

Vanquished Creatures (collateral kills)
  Kirke (Lair:5)
  A vault warden (Vaults:1)
  A fire dragon (D:15)
  An ice dragon (D:15)
  A hydra (D:15)
  A hog (Lair:5)
  The ghost of Steelmeadow the Firebug, an amateur DrFE (D:4)
  An orc warrior (Vaults:1)
  2 orcs
  2 rats (D:4)
12 creatures vanquished.

Vanquished Creatures (others)
  A yaktaur captain (Vaults:1)
  A vault guard (Vaults:3)
  2 dancing weapons (Vaults:3)
  An unseen horror (shapeshifter) (Vaults:1)
  A blink frog (Lair:6)
  2 slaves (D:7)
  An orc warrior (Vaults:1)
  3 centaurs
  A jelly (D:12)
  A jackal (D:7)
  2 kobolds (D:12)
  A briar patch (Swamp:4)
  13 fungi
  2 pillars of salt (Vaults:4)
  3 plants
35 creatures vanquished.

Grand Total: 1165 creatures vanquished

Vault maps used:
D:1:      saegor_arrival_simple_e
D:2:      minmay_door_path, uniq_robin
D:3:      makhleb_grotto_becter, lemuel_blue_sif_altar
D:4:      tgw_trog, vehumet_altar_wand_db
D:5:      nicolae_overflow_hidden_temple, kennysheep_mini, ashenzari_altar_1,
          first_ration
D:6:      overflow_temple_1_default, uniq_blork_the_orc
D:7:      minmay_temple_entry_grid, uniq_pikel
D:9:      statuecave_lemuel, lemuel_crystal_altar, lair_entry_dummy,
          david_orc_2, david_defended_altar_elf, uniq_erica
D:10:     serial_shops, nicolae_shop_window_shopping, grunt_ogre_cave
D:11:     serial_shops, shop, minmay_lindwurm_lava, uniq_gastronok
D:12:     serial_shops, nicolae_shop_crystal, uniq_urug, uniq_azrael, uniq_snorg
D:13:     erik_vaults_1, uniq_rupert
D:15:     grunt_enter_depths_hoard, wad_floor_pattern_untrapped
Lair:1:   cheibrodos_lair_caveside_slide, beast_lair_carwin_1,
          minmay_lair_oklob_chamber
Lair:2:   patterned_corridor, grunt_megastairs_1, serial_bayou_shore_b
Lair:4:   swamp_mist, spider_nest_entry_webs, nicolae_volcano_entry_batcave,
          lemuel_fruit_tree, infiniplex_staircase_pool_2
Lair:5:   grunt_megastairs_2, uniq_kirke
Lair:6:   due_jungle_book, nicolae_slime_entry_slimehenge,
          grunt_forest_large_clearing_hut
Swamp:1:  nicolae_swamp_feature_on_the_river_bank, uniq_roxanne
Swamp:2:  evilmike_swamp_ruin_rubble_2, uniq_jorgrun
Swamp:3:  nicolae_swamp_treefoil, uniq_mara
Swamp:4:  swamp, uniq_bai_suzhen
Orc:1:    serial_shops, shop_coins, basic_altar, nicolae_orc_tapped_out
Orc:2:    st_orc_elflike, serial_shops, nicolae_shop_behind_doors
Vaults:1: v_misc_19, v_pattern_2, hangedman_vaults_nails,
          vaults_room_hangedman_quadrants, v_misc_9, ontoclasm_vaults_spin,
          v_misc_24, v_misc_26, v_misc_14, hangedman_vaults_trim, basic_altar
Vaults:2: nicolae_vaults_windows_and_doors_thing, vaults_room_hallway,
          vaults_room_mumra_shop_pool, nicolae_vaults_angled_halls,
          blue_anna_dwarven_crypt, v_misc_24, nicolae_vaults_yaktaur_gun_rack,
          v_misc_17, vaults_room_grunt_arrival_checkpoint, enter_trove_3
Vaults:3: hangedman_vaults_unwind, ontoclasm_vaults_pinch, v_misc_19,
          ontoclasm_vaults_eye, v_alt_pattern_1, vaults_room_hallway,
          hangedman_vaults_slice, nicolae_vaults_mini_display_case,
          ontoclasm_vaults_chip, serial_shops, shop, uniq_saint_roka,
          uniq_xtahua
Vaults:4: v_rooms_5, v_misc_18, hangedman_vaults_cutoff,
          vaults_room_ringed_pool, vaults_room_door_hall, vaults_mumra_hex,
          nicolae_vaults_alarming, v_misc_15, ontoclasm_vaults_tryst,
          vaults_dpeg_cross, portal_desolation_entry_garden, uniq_mennas,
          uniq_aizul, uniq_sojobo
Volcano:  kennysheep_volcano_temple


Message History

The deep elf archer shoots an arrow.
The arrow hits you!
You hear a deafening roar!
There is a stone staircase leading up, spattered with blood here.
You see here 2 arrows.
The ettin hits you with a dire flail!! The ettin hits you but does no damage.
You climb upwards.
There is a stone staircase leading down here.
You bludgeon the ettin!! You freeze the ettin!
The ettin is heavily wounded.
You barely miss the ettin.
The ettin is heavily wounded.
The ettin hits you with a dire flail! The ettin hits you with a dire flail!!
* * * LOW HITPOINT WARNING * * *
You barely miss the ettin.
The ettin is heavily wounded.
The ettin hits you with a dire flail!!
* * * LOW HITPOINT WARNING * * *
Xom is amused.
The ettin hits you with a dire flail!!
You die...

Notes
Turn   | Place    | Note
-------+----------+-------------------------------------------
     0 | D:1      | Serpenta the Ogre Chaos Knight began the quest for the Orb.
     0 | D:1      | Reached XP level 1. HP: 24/24 MP: 1/1
   195 | D:1      | Reached skill level 3 in Maces & Flails
   195 | D:1      | Reached XP level 2. HP: 32/33 MP: 2/2
   393 | D:1      | Reached XP level 3. HP: 40/40 MP: 3/3
   731 | D:1      | You fall through a shaft!
   763 | D:2      | Reached skill level 5 in Fighting
   994 | D:2      | Reached XP level 4. HP: 45/50 MP: 4/4
  1034 | D:2      | XOM: mild Summ miscast
  1133 | D:2      | Noticed Robin
  1215 | D:1      | XOM: noise
  1540 | D:2      | XOM: mild Tmut miscast
  1773 | D:2      | XOM: enchant monster (bad)
  1909 | D:1      | Killed Robin
  2031 | D:1      | XOM: torment (27/52 hp)
  2184 | D:1      | Reached XP level 5. HP: 58/59 MP: 5/5
  2354 | D:3      | Found a burning altar of Makhleb.
  2407 | D:3      | XOM: medium Tloc miscast
  2678 | D:3      | XOM: summons 2 hostile demons
  2704 | D:3      | XOM: polymorph ufetubus -> white imp
  2732 | D:3      | Reached skill level 4 in Maces & Flails
  2732 | D:3      | XOM: scenery: create altars
  2924 | D:3      | XOM: medium Tmut miscast
  3160 | D:3      | XOM: cleaving
  3698 | D:3      | Reached XP level 6. HP: 67/71 MP: 6/6
  3700 | D:3      | XOM: enchant monster (good)
  3769 | D:3      | XOM: noise
  3855 | D:3      | Found a deep blue altar of Sif Muna.
  3973 | D:4      | Noticed Steelmeadow's ghost (amateur DrFE)
  4106 | D:4      | XOM: give mutations
  4106 | D:4      | Gained mutation: Your spells are a little harder to cast, but a little more powerful. [Xom's grace]
  4106 | D:4      | Gained mutation: Your mind is acute. (Int +2) [Xom's grace]
  4106 | D:4      | Gained mutation: You are partially covered in large bone plates. (SH +4) [Xom's grace]
  4154 | D:4      | XOM: cast spell 'Monstrous Menagerie'
  4159 | D:4      | Killed Steelmeadow's ghost
  4164 | D:4      | Noticed a moth of wrath
  4167 | D:4      | Found a bloodstained altar of Trog.
  4258 | D:3      | XOM: give mutations
  4258 | D:3      | Gained mutation: You are partially covered in icy blue scales. (AC +2) [Xom's grace]
  4258 | D:3      | Gained mutation: You are robust. (+10% HP) [Xom's grace]
  4274 | D:3      | XOM: 2-stop teleportation journey
  4559 | D:4      | Noticed a phantom
  4581 | D:4      | XOM: divine lightning
  4584 | D:4      | Killed a phantom
  4669 | D:4      | Reached skill level 5 in Maces & Flails
  4669 | D:4      | Reached XP level 7. HP: 60/88 MP: 7/7
  5049 | D:4      | Found a radiant altar of Vehumet.
  5237 | D:5      | Entered Level 5 of the Dungeon
  5260 | D:5      | Found a sparkling altar of Nemelex Xobeh.
  5337 | D:5      | XOM: god gift: heavily runed iron ring {god gift}
  5338 | D:5      | Got a heavily runed iron ring {god gift}
  5340 | D:5      | Identified the ring of Icvykk {god gift, rF+ MR+ Slay+5} (Xom gifted it to you on level 5 of the Dungeon)
  5341 | D:5      | wow
  5446 | D:5      | Reached skill level 1 in Evocations
  5505 | D:5      | XOM: harmless Ice miscast
  5545 | D:5      | XOM: harmless Air miscast
  5615 | D:5      | Found a shattered altar of Ashenzari.
  5728 | D:5      | XOM: silly message
  5814 | D:5      | Found a shadowy altar of Dithmenos.
  5961 | D:6      | XOM: harmless Chrm miscast
  6160 | D:6      | Reached XP level 8. HP: 96/96 MP: 9/11
  6166 | D:6      | XOM: potion effect (haste)
  6189 | D:6      | XOM: smoke on damage
  6344 | D:6      | Found a white marble altar of Elyvilon.
  6534 | D:6      | Noticed Blork the orc
  6541 | D:6      | XOM: smoke on damage
  6542 | D:6      | Killed Blork the orc
  6542 | D:6      | Reached skill level 5 in Evocations
  6741 | D:7      | XOM: harmless Necr miscast
  6755 | D:7      | Noticed a hippogriff
  6760 | D:7      | Killed a hippogriff
  6845 | D:7      | Noticed mhoghedin's ghost (novice FoAK)
  6845 | D:7      | XOM: potion effect (might)
  6848 | D:7      | XOM: potion effect (brilliance)
  6849 | D:7      | XOM: harmless Summ miscast
  6862 | D:7      | XOM: potion effect (haste)
  6884 | D:7      | XOM: silly message
  7127 | D:7      | Noticed Pikel
  7135 | D:6      | XOM: potion effect (brilliance)
  7139 | D:6      | Killed Pikel
  7139 | D:6      | Reached XP level 9. HP: 92/105 MP: 12/14
  7324 | D:7      | XOM: potion effect (brilliance)
  7385 | D:7      | Learned a level 2 spell: Blink
  7403 | D:7      | XOM: potion effect (haste)
  7508 | D:7      | XOM: potion effect (brilliance)
  7853 | D:7      | Found a staircase to the Ecumenical Temple.
  7879 | D:7      | XOM is BORED!
  7879 | D:7      | XOM: noise
  7918 | D:7      | XOM: potion effect (brilliance)
  8046 | D:7      | XOM: god gift: potion of heal wounds {god gift}
  8119 | D:8      | Reached skill level 6 in Maces & Flails
  8365 | D:8      | Reached skill level 10 in Fighting
  8769 | D:8      | XOM: give mutations
  8769 | D:8      | Gained mutation: You have a pair of small horns on your head. [Xom's grace]
  8769 | D:8      | Gained mutation: You are very robust. (+20% HP) [Xom's grace]
  8769 | D:8      | Gained mutation: You are somewhat resistant to further mutation. [Xom's grace]
  9037 | D:9      | Found a staircase to the Orcish Mines.
  9146 | D:9      | Reached skill level 7 in Maces & Flails
  9330 | D:9      | Reached XP level 10. HP: 124/133 MP: 15/15
  9346 | D:9      | Found a hide-covered altar of Uskayaw.
  9355 | D:9      | Noticed Erica
  9356 | D:9      | XOM: fog
  9667 | D:9      | XOM: 3-stop teleportation journey
  9781 | D:9      | Found a bloodstained altar of Trog.
  9819 | D:9      | Found a staircase to the Lair.
  9940 | D:10     | Entered Level 10 of the Dungeon
 10039 | D:10     | Noticed a two-headed ogre
 10047 | D:9      | Killed a two-headed ogre
 10047 | D:9      | Reached skill level 8 in Maces & Flails
 10122 | D:9      | XOM: scenery: create altars
 10176 | D:10     | Noticed a two-headed ogre
 10195 | D:9      | Killed a two-headed ogre
 10254 | D:9      | XOM: give mutations
 10254 | D:9      | Gained mutation: You are clumsy. (Dex -2) [Xom's mischief]
 10254 | D:9      | Lost mutation: You are very robust. (+20% HP) [Xom's mischief]
 10254 | D:9      | Lost mutation: Your mind is acute. (Int +2) [Xom's mischief]
 10254 | D:9      | Lost mutation: You have a pair of small horns on your head. [Xom's mischief]
 10321 | D:10     | XOM: confuse monster(s)
 10468 | D:10     | XOM: god gift: lamp of fire {god gift}
 10509 | D:10     | XOM: fake destruction
 10510 | D:10     | Reached skill level 9 in Maces & Flails
 10519 | D:10     | Reached XP level 11. HP: 86/139 MP: 16/16
 10712 | D:10     | Found Afrechim's Assorted Antiques.
 10735 | D:10     | Bought a scroll labeled QEUS JOZETE for 24 gold pieces
 10735 | D:10     | Bought a scroll labeled JEIJAEGYRCH for 24 gold pieces
 10832 | D:10     | XOM: polymorph quasit -> shadow imp
 11034 | D:10     | XOM is BORED!
 11034 | D:10     | XOM: mild Conj miscast
 11048 | D:10     | XOM: give mutations
 11048 | D:10     | Gained mutation: Your flesh is heat resistant. (rF+) [Xom's grace]
 11048 | D:10     | Lost mutation: You are somewhat resistant to further mutation. [Xom's grace]
 11048 | D:10     | Gained mutation: You evolve. [Xom's grace]
 11048 | D:10     | Gained mutation: You expend magic power (3 MP) to strengthen your wands. [Xom's grace]
 11048 | D:10     | Gained mutation: Your spells are harder to cast, but more powerful. [Xom's grace]
 11139 | D:11     | Noticed Gastronok
 11139 | D:11     | XOM: fake destruction
 11162 | D:11     | XOM: god gift: broad axe {god gift}
 11190 | D:11     | Killed Gastronok
 11321 | D:11     | XOM: enchant monster (good)
 11325 | D:11     | Reached skill level 10 in Maces & Flails
 11387 | D:12     | XOM: cloud trail
 11472 | D:12     | Lost mutation: You evolve. [evolution]
 11661 | D:12     | XOM: 1-stop teleportation journey
 11691 | D:12     | Noticed Urug
 11712 | D:12     | Killed Urug
 11833 | D:12     | XOM: enchant monster (good)
 11895 | D:12     | XOM: divination: magic mapping
 11943 | D:12     | XOM: 1-stop teleportation journey
 11959 | D:12     | Noticed a death knight
 11964 | D:12     | XOM: noise
 11976 | D:12     | XOM: summons 9 friendly demons
 11981 | D:11     | Found Ovuubop's Food Boutique.
 12034 | D:11     | XOM: mild Tmut miscast
 12262 | D:11     | Noticed a lindwurm
 12340 | D:11     | XOM is BORED!
 12340 | D:11     | XOM: severe Ice miscast
 12352 | D:11     | XOM: swap monsters
 12441 | D:11     | XOM: give mutations
 12441 | D:11     | Gained mutation: You are mostly covered in large bone plates. (SH +6) [Xom's mischief]
 12441 | D:11     | Lost mutation: You expend magic power (3 MP) to strengthen your wands. [Xom's mischief]
 12441 | D:11     | Gained mutation: Your magical capacity is low. (-10% MP) [Xom's mischief]
 12574 | D:11     | Killed an unseen horror
 12601 | D:11     | XOM: mild Necr miscast
 12778 | D:11     | XOM: stat loss: -1 Int (12/13)
 12789 | D:11     | Noticed a six-headed hydra
 12801 | D:11     | XOM: enchant monster (good)
 12809 | D:11     | Killed a six-headed hydra
 12809 | D:11     | Reached skill level 5 in Dodging
 12818 | D:11     | Reached skill level 11 in Maces & Flails
 12965 | Lair:1   | Entered Level 1 of the Lair of Beasts
 12972 | Lair:1   | Reached XP level 12. HP: 148/152 MP: 15/15
 13026 | Lair:1   | XOM: divination: detect items
 13056 | Lair:1   | XOM: potion effect (invisibility)
 13197 | Lair:1   | XOM: smoke on damage
 13259 | Lair:1   | XOM: 2-stop teleportation journey
 13539 | Lair:1   | XOM: god gift: twisted quarterstaff {god gift}
 14237 | Lair:2   | XOM: polymorph crocodile -> big kobold
 14271 | Lair:2   | XOM: scenery: create altars
 14353 | Lair:2   | XOM: 2-stop teleportation journey
 14585 | Lair:2   | XOM: confuse monster(s)
 14640 | Lair:2   | XOM: cast spell 'Statue Form'
 14771 | Lair:2   | XOM: give mutations
 14771 | Lair:2   | Lost mutation: You are partially covered in icy blue scales. (AC +2) [Xom's mischief]
 14771 | Lair:2   | Gained mutation: Scrolls take you a little longer to read. [Xom's mischief]
 14955 | Lair:2   | XOM: divination: detect creatures
 15514 | Lair:3   | Noticed a death yak
 15518 | Lair:3   | Noticed a death yak
 15519 | Lair:3   | Noticed a death yak
 15523 | Lair:2   | Noticed a dire elephant
 15523 | Lair:2   | a death yak changed into a dire elephant
 15523 | Lair:2   | XOM: polymorph death yak -> dire elephant
 15931 | Lair:3   | Noticed an eight-headed hydra
 15934 | Lair:3   | Killed an eight-headed hydra
 15934 | Lair:3   | Reached skill level 12 in Maces & Flails
 16223 | Lair:2   | XOM: harmless Ice miscast
 16260 | Lair:2   | XOM: enchant monster (bad)
 16277 | Lair:2   | XOM: cast spell 'Olgreb's Toxic Radiance'
 16378 | Lair:2   | XOM is BORED!
 16378 | Lair:2   | XOM: silly message
 16437 | Lair:2   | XOM: silly message
 16488 | Lair:3   | Killed a death yak
 16496 | Lair:3   | Got a heavily runed jade ring
 16498 | Lair:3   | Identified the ring of Tewkuxt {+Inv rElec rF- rN+ Str+4} (You found it on level 3 of the Lair of Beasts)
 16526 | Lair:3   | XOM: silly message
 16764 | Lair:3   | XOM: mild Necr miscast
 16772 | Lair:3   | XOM: potion effect (agility)
 16897 | Lair:3   | XOM: divination: detect creatures
 16985 | Lair:4   | Identified a scroll of acquirement
 16985 | Lair:4   | Got an ancient hat
 16999 | Lair:4   | Identified the +0 hat of Snakes and Ladders {*Slow MR+ Dex+2} (You acquired it on level 4 of the Lair of Beasts)
 17069 | Lair:4   | Found a hole to the Spider Nest.
 17072 | Lair:4   | XOM: harmless Ice miscast
 17162 | Lair:4   | XOM: divination: magic mapping
 17170 | Lair:4   | Found a dark tunnel.
 17196 | Volcano  | Entered a volcano
 17214 | Volcano  | Noticed a centaur warrior
 17221 | Volcano  | Killed a centaur warrior
 17432 | Volcano  | Found a radiant altar of Vehumet.
 17532 | Volcano  | XOM: silly message
 17630 | Volcano  | XOM: harmless Conj miscast
 17675 | Volcano  | Reached XP level 13. HP: 100/159 MP: 16/16
 17678 | Volcano  | XOM: potion effect (invisibility)
 17806 | Volcano  | XOM is BORED!
 17806 | Volcano  | XOM: summons 6 hostile demons
 17878 | Volcano  | XOM: medium Hex miscast
 18035 | Volcano  | XOM: mild Pois miscast
 18316 | Lair:4   | XOM: 1-stop teleportation journey
 18642 | Lair:4   | Found a staircase to the Swamp.
 18693 | Lair:4   | XOM: scenery: 1 doors close
 18708 | Lair:4   | XOM: fake destruction
 18714 | Lair:4   | XOM: 2-stop teleportation journey
 18911 | Lair:4   | Got a dazzling flail
 18913 | Lair:4   | XOM: divination: magic mapping
 18926 | Lair:4   | Reached skill level 13 in Maces & Flails
 18927 | Lair:4   | Identified the +3 flail "Naibb" {crush, Stlth+} (You found it on level 4 of the Lair of Beasts)
 19003 | Lair:4   | XOM: mild Air miscast
 19033 | Lair:4   | XOM: silly message
 19271 | Lair:4   | XOM: divination: detect items
 19304 | Lair:4   | XOM: harmless Fire miscast
 19521 | Lair:4   | XOM: silly message
 19899 | Lair:5   | XOM: potion effect (brilliance)
 19903 | Lair:5   | XOM: potion effect (experience)
 19903 | Lair:5   | Reached skill level 14 in Maces & Flails
 19903 | Lair:5   | Reached XP level 14. HP: 170/170 MP: 17/17
 19906 | Lair:5   | XOM: potion effect (agility)
 20013 | Lair:5   | XOM is BORED!
 20013 | Lair:5   | XOM: harmless Conj miscast
 20049 | Lair:5   | Noticed Kirke
 20056 | Lair:5   | XOM: divination: detect items
 20066 | Lair:5   | Reached skill level 15 in Maces & Flails
 20226 | Lair:5   | XOM: cloud trail
 20454 | Lair:5   | XOM: potion effect (agility)
 20463 | Lair:5   | Noticed a sphinx
 20474 | Lair:5   | XOM: confusion
 20488 | Lair:5   | XOM: repel stairs
 20490 | Lair:5   | XOM: confusion
 20492 | Lair:5   | XOM: summons 14 friendly demons
 20495 | Lair:5   | Killed Kirke
 20517 | Lair:5   | XOM: severe Chrm miscast
 20594 | Lair:5   | Gained mutation: Your body sometimes deteriorates upon taking damage. [mutagenic glow]
 20735 | Lair:5   | XOM: stat loss: -1 Dex (9/10)
 21034 | Lair:5   | You fall through a shaft!
 21034 | Lair:6   | Entered Level 6 of the Lair of Beasts
 21261 | Lair:6   | XOM: confusion (+ monsters)
 21279 | Lair:6   | XOM: cast spell 'Leda's Liquefaction'
 21559 | Lair:6   | XOM: cast spell 'Ring of Flames'
 21688 | Lair:6   | Found a staircase to the Slime Pits.
 21701 | Lair:6   | XOM: god gift: 51 gold pieces {god gift}
 21704 | Lair:6   | XOM: confuse monster(s)
 21847 | Lair:6   | XOM: cleaving
 21927 | Lair:6   | XOM: divine lightning
 22052 | Lair:6   | XOM: cleaving
 22061 | Lair:6   | XOM: cleaving
 22066 | Lair:6   | Reached skill level 16 in Maces & Flails
 22142 | Lair:6   | XOM: cloud trail
 22569 | Lair:6   | XOM: give mutations
 22569 | Lair:6   | Gained mutation: You are surrounded by a mild repulsion field. (EV +2) [Xom's grace]
 22569 | Lair:6   | Gained mutation: Your system is resistant to poisons. (rPois) [Xom's grace]
 22569 | Lair:6   | Lost mutation: Scrolls take you a little longer to read. [Xom's grace]
 22569 | Lair:6   | Gained mutation: You have supernaturally acute eyesight. (SInv) [Xom's grace]
 22569 | Lair:6   | Gained mutation: Your flesh is cold resistant. (rC+) [Xom's grace]
 22635 | Lair:6   | Reached XP level 15. HP: 171/179 MP: 18/18
 23054 | Lair:6   | XOM: harmless Erth miscast
 23297 | Lair:6   | XOM: give mutations
 23297 | Lair:6   | Lost mutation: Your spells are harder to cast, but more powerful. [Xom's mischief]
 23297 | Lair:6   | Lost mutation: You are mostly covered in large bone plates. (SH +6) [Xom's mischief]
 23297 | Lair:6   | Lost mutation: You have supernaturally acute eyesight. (SInv) [Xom's mischief]
 23297 | Lair:6   | Gained mutation: Scrolls take you a little longer to read. [Xom's mischief]
 23594 | Lair:5   | XOM: mild Conj miscast
 23807 | D:9      | XOM: stat loss: -1 Dex (10/11)
 24120 | D:7      | Found a staircase to the Ecumenical Temple.
 24217 | D:7      | Killed mhoghedin's ghost
 24270 | D:9      | Found a shimmering altar of Xom.
 24336 | D:9      | Killed Erica
 24597 | D:12     | Noticed Snorg
 24621 | D:12     | Killed Snorg
 24621 | D:12     | Reached skill level 17 in Maces & Flails
 24691 | D:12     | XOM: medium Hex miscast
 24783 | D:12     | Found Mushe's Weapon Boutique.
 24913 | D:12     | Noticed Azrael
 24926 | D:12     | XOM: noise
 24955 | D:12     | Killed Azrael
 25289 | D:11     | Got a warped morningstar
 25290 | D:11     | Identified the cursed +3 morningstar of Kene {protect, MP+9 Stlth+} (You found it on level 11 of the Dungeon)
 25392 | D:13     | XOM: 1-stop teleportation journey
 25438 | D:13     | XOM: harmless Chrm miscast
 25532 | D:13     | XOM: potion effect (berserk rage)
 25704 | D:13     | XOM: cleaving
 25768 | D:13     | XOM: chaos upgrade
 25775 | D:13     | XOM: harmless Air miscast
 25926 | D:13     | Noticed Rupert
 25934 | D:13     | Killed Rupert
 25935 | D:13     | XOM: give mutations
 25935 | D:13     | Lost mutation: You are clumsy. (Dex -2) [Xom's mischief]
 25935 | D:13     | Lost mutation: You are robust. (+10% HP) [Xom's mischief]
 25935 | D:13     | Gained mutation: You are clumsy. (Dex -2) [Xom's mischief]
 26127 | D:13     | XOM: blink monster(s)
 26139 | D:13     | Found a gate to the Vaults.
 26139 | D:13     | XOM: 3-stop teleportation journey
 26312 | D:13     | XOM: medium Fire miscast
 26476 | D:13     | XOM: mild Conj miscast
 26483 | D:13     | XOM: noise
 26797 | D:13     | XOM: medium Air miscast
 26858 | D:13     | XOM: give mutations
 26858 | D:13     | Gained mutation: You are weak. (Str -2) [Xom's mischief]
 26858 | D:13     | Lost mutation: Scrolls take you a little longer to read. [Xom's mischief]
 26858 | D:13     | Lost mutation: Your spells are a little harder to cast, but a little more powerful. [Xom's mischief]
 27051 | D:14     | XOM: confusion
 27055 | D:14     | Reached skill level 15 in Fighting
 27058 | D:14     | XOM: cast spell 'Cause Fear'
 27244 | D:14     | XOM: polymorph tengu conjurer -> black mamba
 27506 | D:14     | Reached skill level 18 in Maces & Flails
 28035 | D:14     | XOM: 3-stop teleportation journey
 28408 | D:14     | XOM: harmless Summ miscast
 28543 | D:15     | Entered Level 15 of the Dungeon
 28910 | D:15     | XOM: summons friendly sun demon
 28911 | D:15     | Reached XP level 16. HP: 176/176 MP: 19/19
 28965 | D:15     | Found a staircase to the Depths.
 29042 | D:15     | XOM: scenery: 1 doors open, 1 doors close
 29084 | D:15     | XOM: enchant monster (good)
 29235 | D:14     | XOM: divination: detect items
 29565 | D:15     | XOM: scenery: create altars
 29575 | D:15     | XOM: confuse monster(s)
 29590 | D:15     | XOM: cleaving
 29592 | D:15     | XOM: polymorph white ugly thing -> spark wasp
 29706 | D:15     | XOM: god gift: scroll of blinking {god gift}
 29819 | D:15     | Reached XP level 17. HP: 187/187 MP: 20/20
 29995 | D:13     | XOM: scenery: 2 doors close
 30115 | D:12     | XOM: scenery: create altars
 30120 | D:12     | XOM: give mutations
 30120 | D:12     | Gained mutation: You are partially covered in yellow scales. (AC +2) [Xom's grace]
 30120 | D:12     | Gained mutation: You can translocate small distances at will. [Xom's grace]
 30120 | D:12     | Gained mutation: You are somewhat resistant to further mutation. [Xom's grace]
 30375 | Orc:1    | Entered Level 1 of the Orcish Mines
 30375 | Orc:1    | Noticed tmwh's ghost (journeyman MiMo)
 30402 | Orc:1    | XOM: confuse monster(s)
 30420 | Orc:1    | Killed tmwh's ghost
 30685 | D:9      | XOM: scenery: 1 doors open, 1 doors close
 30803 | Orc:1    | XOM: god gift: 970 gold pieces {god gift}
 30929 | Orc:1    | XOM: cloud trail
 31029 | Orc:1    | XOM: divination: detect creatures
 31078 | Orc:1    | Found Onwy's Distillery.
 31086 | Orc:1    | Bought a potion of heal wounds for 60 gold pieces
 31086 | Orc:1    | Bought a potion of agility for 48 gold pieces
 31086 | Orc:1    | Bought a potion of heal wounds for 60 gold pieces
 31086 | Orc:1    | Bought a potion of heal wounds for 60 gold pieces
 31086 | Orc:1    | Bought a potion of curing for 36 gold pieces
 31086 | Orc:1    | Bought a potion of haste for 120 gold pieces
 31086 | Orc:1    | Bought a potion of agility for 48 gold pieces
 31086 | Orc:1    | Bought a potion of berserk rage for 60 gold pieces
 31128 | Orc:1    | Found a roughly hewn altar of Beogh.
 31137 | Orc:1    | XOM: scenery: create altars
 31273 | Orc:2    | Entered Level 2 of the Orcish Mines
 31413 | Orc:2    | Found Erghownui's Antique Weapon Emporium.
 31419 | Orc:2    | XOM: cleaving
 31481 | Orc:2    | Found a staircase to the Elven Halls.
 31643 | Orc:2    | XOM: god gift: tourmaline ring {god gift}
 31767 | Orc:2    | XOM: summons 2 friendly demons
 31800 | Orc:2    | XOM: enchant monster (bad)
 31803 | Orc:2    | Reached skill level 19 in Maces & Flails
 31887 | Orc:2    | XOM: mild Erth miscast
 32257 | Orc:2    | XOM: swap monsters
 32287 | Orc:2    | Found Ipulamaqu's Assorted Antiques.
 32287 | Orc:2    | Found Tebar's Armour Shop.
 32288 | Orc:2    | Found Xifuep's Magic Scroll Shoppe.
 32293 | Orc:2    | Found Wisual's Magic Scroll Shoppe.
 32307 | Orc:2    | Bought a scarf of resistance for 480 gold pieces
 32451 | Orc:2    | Bought a scroll of enchant weapon for 120 gold pieces
 32462 | Orc:2    | Bought a scroll of enchant weapon for 135 gold pieces
 32462 | Orc:2    | Bought a scroll of enchant weapon for 135 gold pieces
 32462 | Orc:2    | Bought a scroll of magic mapping for 63 gold pieces
 32462 | Orc:2    | Bought a scroll of enchant weapon for 135 gold pieces
 32466 | Orc:2    | Bought a scroll of brand weapon for 360 gold pieces
 32473 | Orc:2    | Bought a glittering steel amulet for 130 gold pieces
 32473 | Orc:2    | Identified the amulet of Dippeyqe {Gourm rElec rPois Int-5} (You bought it in a shop on level 2 of the Orcish Mines)
 32475 | Orc:2    | Bought a cabochon ring for 130 gold pieces
 32480 | Orc:2    | Bought a potion of curing for 78 gold pieces
 32480 | Orc:2    | Bought a scroll of identify for 52 gold pieces
 32480 | Orc:2    | Bought a scroll of teleportation for 78 gold pieces
 32482 | Orc:2    | Bought a scroll of blinking for 135 gold pieces
 32482 | Orc:2    | Bought a scroll of teleportation for 54 gold pieces
 32482 | Orc:2    | Bought a scroll of identify for 36 gold pieces
 32482 | Orc:2    | Bought a scroll of identify for 36 gold pieces
 32482 | Orc:2    | XOM is BORED!
 32482 | Orc:2    | XOM: mild Chrm miscast
 32490 | Orc:2    | Bought a scroll of identify for 32 gold pieces
 32490 | Orc:2    | Bought a scroll of identify for 32 gold pieces
 32490 | Orc:2    | Bought a scroll of identify for 32 gold pieces
 32490 | Orc:2    | Bought a scroll of fear for 56 gold pieces
 32490 | Orc:2    | Bought a scroll of fog for 32 gold pieces
 32649 | Swamp:1  | Entered Level 1 of the Swamp
 32667 | Swamp:1  | XOM: harmless Summ miscast
 32739 | Swamp:1  | Reached skill level 1 in Armour
 32926 | Swamp:1  | Noticed Roxanne
 33534 | Swamp:1  | XOM: noise
 33672 | Swamp:1  | XOM: summons 1 hostile demon
 33808 | Swamp:2  | XOM: stat loss: -1 Str (17/18)
 33892 | Swamp:2  | XOM: silly message
 33937 | Swamp:2  | XOM: cloud trail
 33985 | Swamp:2  | XOM: god gift: 26 gold pieces {god gift}
 34063 | Swamp:2  | XOM: scenery: create altars
 34090 | Swamp:2  | XOM: 4-stop teleportation journey
 34115 | Swamp:2  | XOM: scenery: create altars
 34602 | Swamp:2  | XOM: polymorph swamp worm -> water nymph
 34682 | Swamp:2  | XOM: god gift: glowing robe {god gift}
 34685 | Swamp:2  | Noticed Jorgrun
 34696 | Swamp:2  | Killed Jorgrun
 34696 | Swamp:2  | Reached skill level 5 in Armour
 34978 | Swamp:2  | XOM: god gift: wand of disintegration (15) {god gift}
 35031 | Swamp:2  | XOM: scenery: create altars
 35059 | Swamp:2  | XOM: scenery: create altars
 35125 | Swamp:3  | XOM: blink monster(s)
 35323 | Swamp:3  | Reached XP level 18. HP: 186/198 MP: 21/21
 35404 | Swamp:3  | XOM: blink monster(s)
 35417 | Swamp:3  | XOM: cast spell 'Shadow Creatures'
 35522 | Swamp:3  | Noticed Mara
 35551 | Swamp:3  | XOM: summons 15 friendly demons
 35556 | Swamp:3  | Killed Mara
 35556 | Swamp:3  | Reached skill level 20 in Maces & Flails
 35562 | Swamp:3  | XOM: medium Necr miscast
 35814 | Swamp:3  | XOM: 1-stop teleportation journey
 35890 | Swamp:3  | XOM: torment (100/198 hp)
 36302 | Swamp:3  | XOM: cloud trail
 36478 | Swamp:3  | XOM: noise
 36548 | Swamp:3  | XOM: summons 2 hostile demons
 36962 | Swamp:4  | Entered Level 4 of the Swamp
 37068 | Swamp:4  | Noticed Bai Suzhen
 37068 | Swamp:4  | XOM: destruction
 37090 | Swamp:4  | Killed Bai Suzhen
 37315 | Swamp:4  | XOM: divination: detect creatures
 37411 | Swamp:4  | XOM: god gift: 1400 gold pieces {god gift}
 37466 | Swamp:4  | XOM: scenery: create altars
 37473 | Swamp:4  | XOM: summons 8 friendly demons
 37483 | Swamp:4  | XOM: cast spell 'Summon Small Mammal'
 37684 | Swamp:4  | XOM: polymorph swamp dragon -> torpor snail
 37793 | Swamp:4  | XOM: enchant monster (good)
 37851 | Swamp:4  | XOM: potion effect (haste)
 37879 | Swamp:4  | XOM: summons friendly quasit
 37908 | Swamp:4  | XOM: polymorph quasit -> crimson imp
 37919 | Swamp:4  | XOM: polymorph crimson imp -> white imp
 38134 | Swamp:4  | XOM: blink monster(s)
 38202 | Swamp:4  | XOM: 1-stop teleportation journey
 38577 | Swamp:4  | XOM: summons 3 hostile shadow creatures
 38776 | Swamp:4  | Got a decaying rune of Zot
 39273 | D:12     | XOM: give mutation
 39273 | D:12     | Lost mutation: Your body sometimes deteriorates upon taking damage. [Xom's mischief]
 39304 | Vaults:1 | Entered Level 1 of the Vaults
 39421 | Vaults:1 | Found a radiant altar of Vehumet.
 39421 | Vaults:1 | XOM: 5-stop teleportation journey
 39507 | Vaults:1 | XOM: silly message
 39609 | Vaults:1 | Reached XP level 19. HP: 167/206 MP: 22/22
 39736 | Vaults:1 | XOM: harmless Summ miscast
 39762 | Vaults:1 | ugh
 39770 | Vaults:1 | good phial
 39780 | Vaults:1 | XOM: blink monster(s)
 39785 | Vaults:1 | XOM: medium Hex miscast
 40020 | Vaults:1 | XOM: confuse monster(s)
 40023 | Vaults:1 | Reached skill level 21 in Maces & Flails
 40031 | Vaults:1 | XOM: divination: magic mapping
 40038 | Vaults:1 | XOM: chaos upgrade
 40145 | Vaults:1 | Reached skill level 10 in Armour
 40381 | Vaults:1 | XOM: confusion (+ monsters)
 40394 | Vaults:1 | XOM: polymorph brown ugly thing -> tyrant leech
 40502 | Vaults:1 | XOM: scenery: 8 doors close
 40668 | D:13     | XOM: give mutations
 40668 | D:13     | Lost mutation: You are surrounded by a mild repulsion field. (EV +2) [Xom's mischief]
 40668 | D:13     | Lost mutation: You are weak. (Str -2) [Xom's mischief]
 40668 | D:13     | Lost mutation: You are somewhat resistant to further mutation. [Xom's mischief]
 41120 | Vaults:1 | XOM: enchant monster (good)
 41248 | D:13     | XOM: harmless Conj miscast
 41303 | Vaults:1 | XOM: cast spell 'Cause Fear'
 41455 | Vaults:1 | XOM: summons 9 friendly demons
 42089 | Vaults:2 | XOM: harmless Hex miscast
 42166 | Vaults:2 | XOM: mild Conj miscast
 42312 | Vaults:2 | XOM: harmless Chrm miscast
 42329 | Vaults:2 | Found a portal to a secret trove of treasure.
 42947 | Vaults:2 | XOM: polymorph vault guard -> queen ant
 43050 | Vaults:2 | XOM: enchant monster (bad)
 43072 | Vaults:2 | XOM: mild Air miscast
 43383 | Vaults:2 | XOM: potion effect (invisibility)
 43394 | Vaults:2 | Reached skill level 10 in Dodging
 43395 | Vaults:2 | XOM: confuse monster(s)
 43598 | Vaults:2 | Reached XP level 20. HP: 210/217 MP: 22/22
 43622 | Vaults:2 | XOM: god gift: scroll of blinking {god gift}
 43743 | Vaults:2 | XOM: confusion (+ monsters)
 43753 | Vaults:2 | XOM: harmless Air miscast
 43899 | Vaults:2 | XOM: harmless Hex miscast
 44165 | Vaults:2 | XOM: mild Tmut miscast
 44259 | Vaults:2 | Found a staircase to the Crypt.
 44271 | Vaults:2 | Found Hipsuthrosa's Magic Scroll Boutique.
 44277 | Vaults:2 | XOM: harmless Necr miscast
 44356 | Vaults:2 | Bought a scroll of teleportation for 69 gold pieces
 44356 | Vaults:2 | Bought a scroll of teleportation for 69 gold pieces
 44356 | Vaults:2 | Bought a scroll of teleportation for 69 gold pieces
 44356 | Vaults:2 | Bought a scroll of fog for 46 gold pieces
 44505 | Vaults:2 | XOM: cloud trail
 44590 | Vaults:2 | XOM: potion effect (haste)
 44674 | Vaults:3 | Upgraded the game from 0.22-a0-398-g8bb545f to 0.22-a0-402-ga933591
 44692 | Vaults:3 | XOM: enchant monster (bad)
 44744 | Vaults:3 | XOM: 3-stop teleportation journey
 44850 | Vaults:3 | Reached skill level 22 in Maces & Flails
 45035 | Vaults:3 | Reached skill level 1 in Throwing
 45110 | Vaults:3 | Noticed Saint Roka
 45164 | Vaults:3 | Killed Saint Roka
 45501 | Vaults:3 | XOM: harmless Necr miscast
 45520 | Vaults:3 | Noticed Xtahua
 45539 | Vaults:3 | XOM: harmless Summ miscast
 45544 | Vaults:3 | XOM: harmless Tloc miscast
 45548 | Vaults:3 | Reached skill level 5 in Throwing
 45819 | Vaults:2 | XOM: summons 2 hostile shadow creatures
 45867 | Vaults:3 | XOM: polymorph ogre -> wolf
 45875 | Vaults:3 | XOM: mild Tloc miscast
 45921 | Vaults:3 | XOM: divine lightning
 45929 | Vaults:3 | XOM: enchant monster (good)
 45938 | Vaults:3 | XOM: enchant monster (good)
 45944 | Vaults:3 | XOM: cast spell 'Cause Fear'
 46693 | Vaults:3 | XOM: harmless Summ miscast
 46915 | Vaults:3 | Killed Xtahua
 46959 | Vaults:3 | XOM: 1-stop teleportation journey
 47089 | Vaults:3 | Found Pooheir's Antique Armour Shoppe.
 47256 | Vaults:3 | XOM: destruction
 47678 | Vaults:3 | Slain by an ettin
